 Dungeon Crawl Stone Soup version 0.22-a0-515-g75794bf (webtiles) character file.

1642 Laiders72 the Skirmisher (level 9, -1/109 HPs)
             Began as a Formicid Fighter on June 19, 2018.
             Was a Believer of Okawaru.
             Slain by a killer bee (5 damage)
             ... on level 6 of the Dungeon.
             The game lasted 00:15:46 (6018 turns).

Laiders72 the Skirmisher (Formicid Fighter)         Turns: 6018, Time: 00:15:47

Health: -1/109     AC: 24    Str: 24 (27) XL:     9   Next: 19%
Magic:  9/9        EV:  2    Int:  7 (8)  God:    Okawaru [**....]
Gold:   199        SH: 11    Dex: 10 (11) Spells: 8/8 levels left

rFire    . . .     SeeInvis .   a - +0 flail
rCold    . . .     Gourm    .   c - +1 shield
rNeg     + + +     Faith    .   (armour currently unavailable)
rPois    +         Spirit   .   (helmet unavailable)
rElec    .         Reflect  .   (cloak currently unavailable)
rCorr    .         Harm     .   (gloves currently unavailable)
MR       .....                  (boots currently unavailable)
Stlth    +.........             (no amulet)
HPRegen  0.28/turn              g - +4 ring of strength
MPRegen  0.11/turn              t - ring of positive energy

@: lethally poisoned (-1 -> -13), tree-form
A: permanent stasis, dig shafts and tunnels, four strong arms
a: Heroism, Renounce Religion


You were on level 6 of the Dungeon.
You worshipped Okawaru.
Okawaru was pleased with you.
You were not hungry.
You were a tree.
You visited 2 branches of the dungeon, and saw 8 of its levels.

You collected 199 gold pieces.

Inventory:

Hand Weapons
 a - a +0 flail (weapon)
Missiles
 q - a throwing net (quivered)
Armour
 c - a +1 shield (worn)
 w - a +0 plate armour (melded)
Jewellery
 g - a +4 ring of strength (left branch)
 t - a ring of positive energy (right branch)
Wands
 v - a wand of iceblast (10)
Scrolls
 b - a scroll of enchant armour
 e - a scroll of fear {unknown}
 j - 4 scrolls of identify
 k - a scroll of remove curse {unknown}
 l - a scroll of noise {unknown}
 n - a scroll of teleportation {unknown}
 o - a scroll of amnesia {unknown}
 p - a scroll of blinking {unknown}
 r - 2 scrolls of fog
 u - a scroll of magic mapping {unknown}
Potions
 d - a potion of cancellation
 h - 4 potions of flight
 i - a potion of invisibility
 m - 2 potions of lignification
 s - a potion of brilliance
Comestibles
 f - 9 rations


   Skills:
 * Level 7.7 Fighting
 * Level 6.6 Maces & Flails
 + Level 5.9 Armour
 + Level 6.5 Shields


You had 8 spell levels left.
You didn't know any spells.
Your spell library was empty.

Dungeon Overview and Level Annotations

Branches:
Dungeon (7/15)             Temple (1/1) D:4

Altars:
Ashenzari
Cheibriados
Dithmenos
Elyvilon
Fedhas
Gozag
Hepliaklqana
Kikubaaqudgha
Makhleb
Nemelex Xobeh
Okawaru
Qazlal
Ru
Sif Muna
Trog
Uskayaw
Vehumet
Wu Jian
Xom
Yredelemnul
Zin
The Shining One

Shops:
D:4 (   D:5 [(:?!   D:6 *


Innate Abilities, Weirdness & Mutations

You cannot be hasted, slowed, berserked, paralysed or teleported.
You can dig through walls and to a lower floor.
Your four strong arms can wield two-handed weapons with a shield.
((You have a pair of large antennae on your head. (SInv)))


Message History

You feel sick. The killer bee stings you.
* * * LOW HITPOINT WARNING * * *
You block the killer bee's attack.
You closely miss the killer bee.
The killer bee is lightly wounded.
* * * LOW HITPOINT WARNING * * *
You feel sick.
The killer bee stings you but does no damage.
You block the killer bee's attack.
You hit the killer bee but do no damage.
The killer bee is lightly wounded.
* * * LOW HITPOINT WARNING * * *
You feel sick.
The killer bee stings you but does no damage.
You block the killer bee's attack.
You hit the killer bee but do no damage.
The killer bee is lightly wounded.
* * * LOW HITPOINT WARNING * * *
You feel sick. The killer bee stings you.
You die...

#.# #.................#
#.# #.#
#.............##..# #.#
#.# #.###########.##..#
#.# #.# #.# #.##..# #.#
#####.# #.# #.##..# #.#
#.<...###.##
#######.##.∩# #.##
#.######...##
#...........###...
##.#####.###.#
#.#####...........
#.....)..# #.# #♣#
#.#####.####
#..#####.###.# #y# #.#
#.# #..#
##....###y#####.# #.#
#..#######.......>[....#
#.#
.....>...............###
#.#
#......###.#.###.###.#
##.# #..##### #.#.# #.#
#.# #..# #..# #.#.# #.#
#.# #.## ...## #.#.#
#.###.# #.#


You could see 2 killer bees.

Vanquished Creatures
  Joseph (D:6)
  Menkaure (D:5)
  An ice beast (D:5)
  2 sky beasts (D:5)
  A phantom (D:3)
  A bullfrog (D:3)
  2 scorpions
  2 killer bees (D:6)
  A howler monkey (D:2)
  A crimson imp (D:6)
  6 orc wizards
  An iguana (D:5)
  3 worker ants
  A killer bee zombie (D:5)
  4 gnolls
  6 adders
  A shadow imp (D:6)
  An adder skeleton (D:6)
  2 worms (D:2)
  A dart slug (D:2)
  5 leopard geckos
  11 orcs
  9 bats
  9 goblins
  5 hobgoblins
  9 jackals
  4 kobolds
  A ball python (D:1)
  7 frilled lizards
  A jackal skeleton (D:4)
  9 rats
109 creatures vanquished.

Notes
Turn   | Place    | Note
-------+----------+-------------------------------------------
     0 | D:1      | Laiders72 the Formicid Fighter began the quest for the Orb.
     0 | D:1      | Reached XP level 1. HP: 18/18 MP: 1/1
   169 | D:1      | Reached XP level 2. HP: 22/24 MP: 2/2
   320 | D:1      | Reached XP level 3. HP: 30/30 MP: 3/3
   571 | D:2      | Found a snail-covered altar of Cheibriados.
   661 | D:2      | Reached skill level 4 in Fighting
   661 | D:2      | Reached XP level 4. HP: 32/37 MP: 4/4
   827 | D:2      | Reached XP level 5. HP: 39/42 MP: 5/5
  1511 | D:3      | Noticed a bullfrog
  1515 | D:3      | Killed a bullfrog
  1515 | D:3      | Reached XP level 6. HP: 38/49 MP: 6/6
  1566 | D:3      | Noticed a phantom
  1669 | D:3      | Killed a phantom
  1669 | D:3      | Reached skill level 5 in Fighting
  1923 | D:3      | Found a faded altar of an unknown god.
  2788 | D:4      | Reached XP level 7. HP: 51/56 MP: 7/7
  3049 | D:4      | Found Kigekat's Weapon Emporium.
  3182 | D:4      | Reached skill level 5 in Shields
  3202 | D:4      | Found a shattered altar of Ashenzari.
  3457 | D:4      | Found a staircase to the Ecumenical Temple.
  3466 | Temple   | Entered the Ecumenical Temple
  3545 | Temple   | Became a worshipper of Warmaster Okawaru
  3807 | D:5      | Entered Level 5 of the Dungeon
  3807 | D:5      | Found Xiuclosh's Distillery.
  3999 | D:5      | Noticed Menkaure
  4008 | D:5      | Killed Menkaure
  4129 | D:5      | Reached skill level 6 in Fighting
  4129 | D:5      | Reached skill level 5 in Maces & Flails
  4156 | D:5      | Found Yfatt's Weapon Boutique.
  4177 | D:5      | Reached * piety under Okawaru
  4197 | D:5      | Found Ranotodd's Book Boutique.
  4204 | D:5      | Reached XP level 8. HP: 54/64 MP: 8/8
  4224 | D:5      | Reached skill level 5 in Armour
  4446 | D:5      | Found Wanoaz's Magic Scroll Shoppe.
  4573 | D:5      | Found an opulent altar of Gozag.
  4907 | D:5      | Found Laom's Armour Shop.
  5033 | D:6      | Found a hazy altar of Hepliaklqana.
  5075 | D:6      | Found Cipagh's Assorted Antiques.
  5317 | D:6      | Found a bloodstained altar of Trog.
  5415 | D:6      | Reached skill level 7 in Fighting
  5479 | D:6      | Found an opulent altar of Gozag.
  5642 | D:7      | Noticed Joseph
  5683 | D:6      | Killed Joseph
  5683 | D:6      | Reached ** piety under Okawaru
  5683 | D:6      | Reached XP level 9. HP: 26/72 MP: 6/9
  6018 | D:6      | HP: 4/109 [poisoned by a killer bee]
  6018 | D:6      | Slain by a killer bee

Vault maps used:
D:1:      minmay_arrival_solitary_statue
D:2:      old_standard_altar, first_ration
D:3:      chequers_ecumenical_altar_simple
D:4:      lemuel_temple_firewalk_b, serial_shops, shop, evilmike_ruin_ashenzari
D:5:      serial_shops, shop, shop, nicolae_shop_behind_doors,
          nicolae_shop_stone, shop, basic_altar, uniq_menkaure
D:6:      old_standard_altar, old_standard_altar, kennysheep_mini, serial_shops,
          shop
D:7:      uniq_joseph
Temple:   hc_temple_tempest_star

Skill      XL: |  1  2  3  4  5  6  7  8 |
---------------+-------------------------+-----
Shields        | 4 5 6 |  6.5
Fighting       | 4 5 6 7 |  7.7
Maces & Flails | 3 4 5 6 |  6.6
Armour         | 4 5 |  5.9

Action                   |  1- 3 |  4- 6 |  7- 9 || total
-------------------------+-------+-------+-------++-------
Melee: Flail             |    93 |   150 |   251 ||   494
Invok: Heroism           |       |       |     1 ||     1
  Use: Potion            |     1 |     4 |     3 ||     8
       Scroll            |       |       |     5 ||     5
  Eat: Chunk             |       |     4 |     7 ||    11
       Ration            |       |     1 |     1 ||     2
Armor: Scale mail        |    34 |    33 |       ||    67
       Chain mail        |       |    17 |    59 ||    76
       Plate armour      |       |       |    34 ||    34
       Skin              |       |       |     5 ||     5
Dodge: Dodged            |    40 |    52 |    58 ||   150
Block: Shield            |    52 |    81 |   133 ||   266

Table legend:
 A = Spawn XP
 B = Non-spawn XP
 C = Spawn XP percentage of total XP
 D = Spawn monster count
 E = Non-spawn monster count
 F = Spawn count percentage of total count
 G = Total turns spent on level
                    A         B        C        D         E        F      G
               +---------+---------+-------+---------+---------+-------+---------
         Total |       0 |    2346 |   0.0 |       0 |     109 |   0.0 |  6018
               +---------+---------+-------+---------+---------+-------+---------
           D:1 |       0 |      41 |   0.0 |       0 |      18 |   0.0 |   525
           D:2 |       0 |     155 |   0.0 |       0 |      28 |   0.0 |   986
           D:3 |       0 |     296 |   0.0 |       0 |      25 |   0.0 |  1260
           D:4 |       0 |     206 |   0.0 |       0 |       9 |   0.0 |   935
           D:5 |       0 |     952 |   0.0 |       0 |      22 |   0.0 |  1175
           D:6 |       0 |     696 |   0.0 |       0 |       7 |   0.0 |  1030
               +---------+---------+-------+---------+---------+-------+---------
